 Dungeon Crawl Stone Soup version 0.29-a0-231-g945431f764 (webtiles) character file.

Game seed: 9969264155022393228

221 Crownlay the Chopper (level 5, -1/45 HPs)
             Began as a Hill Orc Fighter on Feb 28, 2022.
             Slain by a black bear (3 damage)
             ... on level 4 of the Dungeon.
             The game lasted 00:03:18 (2968 turns).

Crownlay the Chopper (Hill Orc Fighter)             Turns: 2968, Time: 00:03:19

Health: -1/45      AC:  6    Str: 21    XL:     5   Next: 98%
Magic:  5/5        EV:  9    Int:  8    God:
Gold:   117        SH:  4    Dex: 10    Spells: 4/4 levels left

rFire   + . .      SeeInvis .   a - +0 war axe
rCold   + . .      Faith    .   c - +0 buckler
rNeg    . . .      Spirit   .   b - +0 scale mail
rPois   .          Reflect  .   (no helmet)
rElec   .          Harm     .   (no cloak)
rCorr   .          Rampage  .   (no gloves)
Will    .....                   (no boots)
Stlth   ..........              (no amulet)
HPRegen 0.15/turn               p - ring of protection from cold
MPRegen 0.09/turn               q - ring of protection from fire

@: no status effects
A: no striking features
a: no special abilities


You were on level 4 of the Dungeon.
You visited 1 branch of the dungeon, and saw 4 of its levels.

You collected 117 gold pieces.

Inventory:

Hand Weapons
 a - a +0 war axe (weapon)
Missiles
 m - 4 boomerangs (quivered)
Armour
 b - a +0 scale mail (worn)
 c - a +0 buckler (worn)
Jewellery
 p - a ring of protection from cold (left hand)
 q - a ring of protection from fire (right hand)
Scrolls
 g - 2 scrolls of identify
 i - a scroll of enchant armour
 k - 2 scrolls of brand weapon
 l - a scroll of fog
 s - a scroll of blinking
 t - 2 scrolls of teleportation {unknown}
 u - a scroll of magic mapping {unknown}
Potions
 d - a potion of might
 e - a potion of degeneration {unknown}
 f - a potion of flight {unknown}
 h - a potion of resistance {unknown}
 j - 2 potions of curing {unknown}
 n - a potion of brilliance {unknown}
 o - 2 potions of magic {unknown}
 r - a potion of lignification {unknown}
 v - 2 potions of attraction {unknown}


   Skills:
 - Level 3.6 Fighting
 * Level 7.0 Axes
 + Level 2.2 Throwing
 - Level 3.2 Armour
 - Level 3.2 Shields


You had 4 spell levels left.
You didn't know any spells.
Your spell library contained the following spells:

 Spells                   Type           Power      Damage    Failure   Level
 Animate Skeleton         Necr           0%         N/A       83%         1
 Pain                     Necr           0%         1d4       83%         1
 Vampiric Draining        Necr           0%         2d6       99%         3


Dungeon Overview and Level Annotations

Branches:
Dungeon (4/15)
 Temple: D:4-7

Altars:
Dithmenos


Message History

You block the black bear's attack.
The black bear claws you but does no damage. x2
The black bear completely misses you. The black bear closely misses you.
The black bear claws you.
You hit the black bear.
The black bear is severely wounded.
The black bear barely misses you. The black bear completely misses you.
The black bear claws you but does no damage.
You hit the black bear but do no damage.
The black bear is severely wounded.
The black bear goes berserk!
You barely miss the black bear.
The black bear is severely wounded.
The black bear closely misses you.
The black bear claws you but does no damage. x2
The black bear bites you but does no damage.
The black bear claws you. x2
You hit the black bear.
The black bear is almost dead.
The black bear bites you. The black bear claws you. x2
You hit the black bear but do no damage.
The black bear is almost dead.
The black bear barely misses you. The black bear claws you. x2
The black bear closely misses you. The black bear claws you.
* * * LOW HITPOINT WARNING * * *
You block the black bear's attack.
You completely miss the black bear.
The black bear is almost dead.
The black bear bites you but does no damage.
The black bear misses you.
The black bear claws you but does no damage.
The black bear bites you!
* * * LOW HITPOINT WARNING * * *
The black bear closely misses you. The black bear claws you.
* * * LOW HITPOINT WARNING * * *
You hit the black bear but do no damage.
The black bear is almost dead.
The black bear misses you. The black bear closely misses you.
The black bear claws you.
You die...

# . #.# #. .### #.# ##'# ..#
#.# ##..)# #.# #.# ##....)##
#####.## ##.## #.......##
##.##...# #....
.........####...#...####....
.........'h@................
.........####...#.#######.#.
#.......## ##.##.# #.##
##.....## ####.# #... ##...#
#.# ##.. ##+# #.# ... #.#
.... #.# ##... #.# ..


You could see a black bear (berserk).

Vanquished Creatures
  An ogre (D:3)
  An iguana (D:3)
  3 adders
  2 worms
  3 dart slugs
  7 orcs
  2 ball pythons
  6 endoplasms
  3 giant cockroaches
  4 goblins
  5 hobgoblins
  3 jackals (D:3)
  A quokka (D:2)
  10 bats
  2 frilled lizards
  2 kobolds (D:1)
  2 rats (D:1)
57 creatures vanquished.

Notes
Turn   | Place    | Note
-------+----------+-------------------------------------------
     0 | D:1      | Crownlay the Hill Orc Fighter began the quest for the Orb.
     0 | D:1      | Reached XP level 1. HP: 19/19 MP: 1/1
     2 | D:1      | Noticed a human
     4 | D:1      | Noticed a draconian
     4 | D:1      | Noticed a tengu
     6 | D:1      | Noticed a naga
     8 | D:1      | Noticed a gargoyle
    10 | D:1      | Noticed a felid
    12 | D:1      | Noticed a demigod
    12 | D:1      | Noticed a dwarf
    14 | D:1      | Noticed a minotaur
    14 | D:1      | Noticed a demonspawn
    16 | D:1      | Noticed a ghoul
    16 | D:1      | Noticed a merfolk
    18 | D:1      | Noticed a spriggan
    18 | D:1      | Noticed an elf
    20 | D:1      | Noticed a vine stalker
    20 | D:1      | Noticed a vampire
    22 | D:1      | Noticed an octopode
    22 | D:1      | Noticed an ogre
    24 | D:1      | Noticed a troll
    24 | D:1      | Noticed a formicid
   231 | D:1      | Reached skill level 3 in Axes
   491 | D:1      | Reached XP level 2. HP: 26/26 MP: 2/2
   601 | D:1      | Reached skill level 4 in Axes
   766 | D:1      | Reached XP level 3. HP: 29/31 MP: 3/3
  1117 | D:2      | Reached skill level 5 in Axes
  1556 | D:3      | Reached XP level 4. HP: 39/39 MP: 4/4
  1574 | D:3      | Noticed an ogre
  1584 | D:3      | Killed an ogre
  1585 | D:3      | Reached skill level 6 in Axes
  1585 | D:3      | Reached skill level 1 in Throwing
  1585 | D:3      | Reached XP level 5. HP: 13/45 MP: 5/5
  2176 | D:3      | Found a faded altar of an unknown god.
  2467 | D:3      | Found a shadowy altar of Dithmenos.
  2917 | D:4      | Reached skill level 7 in Axes
  2952 | D:4      | Noticed a black bear
  2967 | D:4      | HP: 2/45 [black bear (2)]
  2968 | D:4      | Slain by a black bear

Illustrated notes

Levels and vault maps discovered:
D:1:      kb_arrival_jail, layout_loops_ring
D:2:      layout_rooms
D:3:      layout_basic, mainiacjoe_overflow_alcove_1, basic_ecumenical_altar
D:4:      layout_loops_corners, serial_shops, shop, gup_ossuary_entry_pyramid,
          uniq_sigmund

Skill      XL: |  1  2  3  4  5 |
---------------+----------------+-----
Axes           | 3 4 5 6 7 |  7.0
Throwing       | 1 2 |  2.2
Fighting       | |  3.6
Armour         | |  3.2
Shields        | |  3.2

Action                   |  1- 3 |  4- 6 || total
-------------------------+-------+-------++-------
Melee: War axe           |    67 |    73 ||   140
Throw: Boomerang         |    35 |    20 ||    55
  Use: Scroll            |     3 |     1 ||     4
Armor: Scale mail        |    31 |    34 ||    65
Dodge: Dodged            |    31 |    39 ||    70
Block: Buckler           |    12 |    17 ||    29

Table legend: (Time is in decaauts)
 A = Elapsed time spent in this place.
 B = Non-inter-level travel time spent in this place.
 C = Inter-level travel time spent in this place.
 D = Time resting spent in this place.
 E = Time spent auto-exploring this place.
 F = Levels seen in this place.
 G = Mean time per level.
                   A        B        C        D        E       F      G
               +--------+--------+--------+--------+--------+-----+--------+
         Total |   3020 |   2815 |    205 |      0 |   2403 |   4 |  755.0 |
       Dungeon |   3020 |   2815 |    205 |      0 |   2403 |   4 |  755.0 |
               +--------+--------+--------+--------+--------+-----+--------+

Top non-repeatable levels by time:
     D:3: 1461 daAuts
     D:1: 1068 daAuts
     D:2: 430 daAuts
     D:4: 60 daAuts
